 Dungeon Crawl Stone Soup version 0.21-a0-476-gd103f4b (webtiles) character file.

51 Speissi the Sneak (level 3, 0/18 HPs)
             Began as a Vine Stalker Assassin on Nov 21, 2017.
             Slain by Natasha (6 damage)
             ... on level 2 of the Dungeon on Nov 22, 2017.
             The game lasted 00:11:52 (1285 turns).

Speissi the Sneak (Vine Stalker Assassin)           Turns: 1285, Time: 00:11:53

Health: 0/18       AC:  4    Str: 13    XL:     3   Next: 83%
Magic:  0/4        EV: 11    Int: 11    God:
Gold:   65         SH:  0    Dex: 16    Spells: 2/2 levels left

rFire    . . .     SeeInvis .   o - +4 short sword
rCold    . . .     Gourm    .   (no shield)
rNeg     . . .     Faith    .   p - +0 leather armour (curse)
rPois    .         Spirit   +   (no helmet)
rElec    .         Reflect  .   d - +0 cloak
rCorr    .         Harm     .   (no gloves)
MR       .....                  (no boots)
Stlth    +++.......             (no amulet)
HPRegen  0.06/turn              (no ring)
MPRegen  0.09/turn              (no ring)

@: no status effects
A: fangs 2, magic shield, antimagic bite, no potion heal 3, rot immunity
a: no special abilities


You were on level 2 of the Dungeon.
You were not hungry.

You visited 1 branch of the dungeon, and saw 2 of its levels.

You collected 65 gold pieces.

Inventory:

Hand Weapons
 a - a +2 dagger
 b - a +0 blowgun
 o - a +4 short sword (weapon)
Missiles
 e - 19 poisoned needles
 f - 2 curare-tipped needles
Armour
 c - a +0 robe
 d - a +0 cloak (worn)
 p - a cursed +0 leather armour (worn)
Scrolls
 h - a scroll of immolation {unknown}
 k - a scroll of identify {unknown}
 l - a scroll of amnesia {unknown}
 m - a scroll of remove curse {unknown}
 q - a scroll of enchant armour {unknown}
Potions
 n - a potion of cancellation {unknown}
Comestibles
 g - 2 bread rations
 i - 2 fruits
 j - a royal jelly


   Skills:
 + Level 2.0 Fighting
 + Level 2.0 Short Blades
 - Level 1.7 Throwing
 + Level 0.1 Armour
 + Level 0.9 Dodging
 * Level 6.3 Stealth


You had 2 spell levels left.
You didn't know any spells.

Dungeon Overview and Level Annotations

Branches:
Dungeon (2/15)

Altars:

Annotations:
D:2 Natasha


Innate Abilities, Weirdness & Mutations

You have extremely sharp teeth.
When hurt, damage is shared between your health and your magic reserves.
Your bite disrupts and absorbs the magic of your enemies.
Potions cannot restore your health.
You are immune to rotting.


Message History

Natasha closely misses you.
The crimson imp blinks!
You barely miss Natasha.
Natasha is lightly wounded.
Natasha stares at you and mumbles some strange words.
The magic dart hits you!
The crimson imp hits you but does no damage.
Natasha closely misses you. The crimson imp hits you.
Natasha mewls in sadness.
You hit Natasha.
Natasha is moderately wounded.
Natasha barely misses you.
You hit Natasha. You bite Natasha, but do no damage.
Natasha is severely wounded.
Natasha claws you.
You are too injured to fight recklessly!
You are too injured to fight recklessly!
You hit Natasha.
Natasha is almost dead.
Natasha claws you!
You die...

#.....#######....#.#####.##
#.....# #####....#....#.#.#
+######.....# #........#.###.#.#.
.....##.##### #.......#######.#.#
....[##.# #............#.#.#.
.....##.#######......#####.##.#.#
>.........)..5.55###.# #.#.#.
################h# #.# ##.#.#
#.....##@# #.# ..#.#. #........#
#.# ###.#.# #........###.# #.#.#.
##........##.# ##.#.#
#....)...##.# #.#.#.
#........##.# ######
#........##.# #.........#.#
#.......#.#.#


You could see Natasha, a crimson imp and a shadow imp.

Vanquished Creatures
  An ooze (D:2)
  4 dart slugs (D:1)
  2 ball pythons
  2 bats
  A giant cockroach (D:1)
  3 goblins
  3 hobgoblins
  4 jackals (D:1)
  2 quokkas (D:2)
  6 frilled lizards
  3 kobolds
  6 rats
37 creatures vanquished.

Notes
Turn   | Place    | Note
-------+----------+-------------------------------------------
     0 | D:1      | Speissi the Vine Stalker Assassin began the quest for the Orb.
     0 | D:1      | Reached XP level 1. HP: 11/11 MP: 2/2
    44 | D:1      | Reached skill level 5 in Stealth
   171 | D:1      | Reached XP level 2. HP: 15/15 MP: 3/3
   229 | D:1      | Upgraded the game from 0.21-a0-471-gd587bd5 to 0.21-a0-476-gd103f4b
   603 | D:1      | Reached XP level 3. HP: 18/18 MP: 4/4
  1033 | D:2      | Reached skill level 6 in Stealth
  1254 | D:2      | Noticed Natasha
  1285 | D:2      | Slain by Natasha

Vault maps used:
D:1:      dpeg_arrival_round_c
D:2:      first_bread, minivault_23, mrwooster_statue_mirror,
          uniq_crazy_yiuf_cottage, uniq_natasha

Skill      XL: |  1  2  3 |
---------------+----------+-----
Stealth        | 5 6 |  6.3
Fighting       | 2 |  2.0
Short Blades   | 2 |  2.0
Throwing       | |  1.7
Armour         | |  0.1
Dodging        | |  0.9

Action                   || total
-------------------------++-------
Melee: Dagger            ||    21
       Bite              ||    15
       Short sword       ||    53
 Stab: Sleeping          ||    11
  Eat: Chunk             ||     1
Armor: Robe              ||     8
       Leather armour    ||     8
Dodge: Dodged            ||    21

Table legend:
 A = Spawn XP
 B = Non-spawn XP
 C = Spawn XP percentage of total XP
 D = Spawn monster count
 E = Non-spawn monster count
 F = Spawn count percentage of total count
 G = Total turns spent on level
                    A         B        C        D         E        F      G
               +---------+---------+-------+---------+---------+-------+---------
         Total |       0 |      74 |   0.0 |       0 |      37 |   0.0 |  1285
               +---------+---------+-------+---------+---------+-------+---------
           D:1 |       0 |      43 |   0.0 |       0 |      21 |   0.0 |  1029
           D:2 |       0 |      31 |   0.0 |       0 |      16 |   0.0 |   256
               +---------+---------+-------+---------+---------+-------+---------
